 Dungeon Crawl Stone Soup version 0.27-a0-1500-g450c7e4133 (webtiles) character file.

Game seed: 15868053520686654939

81 dickylongcocking the Magician (level 4, 0/31 HPs)
             Began as a Djinni Fire Elementalist on July 8, 2021.
             Slain by a goblin (3 damage)
             ... led by Robin
             ... on level 2 of the Dungeon.
             The game lasted 00:02:18 (3285 turns).

dickylongcocking the Magician (DjFE)                Turns: 3285, Time: 00:02:19

Health: 0/31       AC:  5    Str: 13    XL:     4   Next: 67%
Gold:   94         EV: 11    Int: 17    God:
                   SH:  0    Dex: 14

rFire    + + .     SeeInvis .   d - +0 short sword
rCold    x . .     Faith    .   (no shield)
rNeg     . . .     Spirit   .   g - +0 ring mail
rPois    ∞         Reflect  .   (no helmet)
rElec    .         Harm     .   (no cloak)
rCorr    .         Rampage  .   (no gloves)
Will     .....                  (boots unavailable)
Stlth    +.........             (no amulet)
HPRegen  0.10/turn              f - +6 ring of strength
MPRegen  0.00/turn              (no ring)

@: mighty, flying
A: sickness immunity, fire resistance 2, cold vulnerability 1, float, innate
caster, hp casting, extra vitality 1
a: no special abilities


You were on level 2 of the Dungeon.
You visited 1 branch of the dungeon, and saw 2 of its levels.

You collected 94 gold pieces.

Inventory:

Hand Weapons
 d - a +0 short sword (weapon)
Armour
 a - a +0 robe
 b - a +0 leather armour
 g - a +0 ring mail (worn)
Jewellery
 f - a +6 ring of strength (left hand)
Scrolls
 c - a scroll of teleportation {unknown}
 e - a scroll of amnesia {unknown}
 h - a scroll of blinking {unknown}
 i - a scroll of noise {unknown}


   Skills:
 * Level 0.8 Fighting
 * Level 0.8 Armour
 - Level 2.1 Dodging
 - Level 1.5 Stealth
 * Level 3.7 Spellcasting


You couldn't memorise any spells.
You knew the following spells:

 Your Spells              Type           Power      Damage    Failure   Level
a - Foxfire               Conj/Fire      60%        2x1d7     8%          1
b - Conjure Flame         Conj/Fire      15%        6-21      22%         3
c - Inner Flame           Hex/Fire       15%        N/A       22%         3
d - Sticky Flame          Conj/Fire      15%        2d4       58%         4
e - Fireball              Conj/Fire      7%         3d5       90%         5
f - Summon Small Mammal   Summ           60%        N/A       8%          1
Your spell library was empty.

Dungeon Overview and Level Annotations

Branches:
Dungeon (2/15)

Altars:

Annotations:
D:2 Robin


Innate Abilities, Weirdness & Mutations

You are immune to sickness and miasma.
You are immune to poison.
Your flesh is very heat resistant. (rF++)
You are vulnerable to cold. (rC-)
You float through the air rather than walking.
You learn spells naturally, not from books.
Your magical power is your life essence.
You have superior vitality. (+4 HP)


Message History

You hit the goblin.
The goblin explodes!
The fiery explosion engulfs you! You resist.
The fiery explosion engulfs the goblin!!!
You kill the goblin!
The goblin shoots a stone.
The stone barely misses you.
The stone misses the goblin.
Robin throws the goblin at you! The goblin hits you but does no damage.
The goblin is engulfed in blazing flames.
You kill the goblin!
Unknown command.
Unknown command.
You barely miss the goblin.
The goblin shoots a stone.
The stone closely misses you.
The stone misses the goblin.
The goblin closely misses you.
The goblin shoots a stone.
The stone closely misses you.
The stone barely misses the goblin.
You hit the goblin.
You kill the goblin!
Robin throws the goblin at you! The goblin hits you with a +0 dagger.
* * * LOW HITPOINT WARNING * * *
The goblin shoots a stone.
The stone hits you.
* * * LOW HITPOINT WARNING * * *
You hit the goblin.
You kill the goblin!
The goblin shoots a stone.
The stone hits you but does no damage.
The goblin shoots a stone.
The stone closely misses you. Robin throws the goblin at you!
* * * LOW HITPOINT WARNING * * *
Things that are here:
a +0 dagger; a +0 dagger Unknown command.
Unknown command.
Unknown command.
Okay, then.
Unknown command.
The goblin no longer looks unusually strong.
It was a potion of might.
You feel very mighty all of a sudden. The goblin hits you with a +0 club.
You die...

##...## #.##.###.# #+## #
##..# #.##..##.# #...# #
####.# #.###.##.# #.....
##.##.# #÷###.#..# #......
#...#.####........####g......
#
..................).))gg.....
.
#.....####.###....####g......
# ##.#.## #.# #.#g## #......
# ####.# #.# #.#@# #.....
...#.# #.# ..#.# #...# ##.#.#
#.##.##.# #+## ##.#.# #.# .
#.# .....# .. ..# ##.### ###
##.# ...# .###


You could see a goblin.

Vanquished Creatures
  An adder (D:2)
  A dart slug (D:2)
  3 ball pythons
  11 bats
  7 endoplasms
  2 giant cockroaches (D:1)
  7 goblins
  3 hobgoblins
  8 jackals
  4 quokkas
  5 frilled lizards
  6 kobolds
  2 rats
60 creatures vanquished.

Vanquished Creatures (others)
  107 foxfires
107 creatures vanquished.

Grand Total: 167 creatures vanquished

Notes
Turn   | Place    | Note
-------+----------+-------------------------------------------
     0 | D:1      | dickylongcocking the Djinni Fire Elementalist began the
                  | quest for the Orb.
     0 | D:1      | Reached XP level 1. HP: 15/15 MP: 0/0
   254 | D:1      | Reached XP level 2. HP: 14/21 MP: 0/0
   615 | D:1      | Reached skill level 3 in Spellcasting
   807 | D:1      | Reached XP level 3. HP: 6/25 MP: 0/0
   807 | D:1      | Learned a level 1 spell: Summon Small Mammal
  2290 | D:2      | Reached XP level 4. HP: 24/31 MP: 0/0
  2677 | D:2      | Found a faded altar of an unknown god.
  3266 | D:2      | Identified the +0 helmet of the Ward {rF+ rCorr Dex+2}
  3266 | D:2      | Noticed Robin
  3285 | D:2      | Slain by a goblin

Illustrated notes

Levels and vault maps discovered:
D:1:      saegor_arrival_simple_b, layout_loops_ring, st_stairs_11
D:2:      layout_loops_corners, shapermc_ecumenical_altar_acropolis,
          roderic_st_hans_cross, uniq_robin

Skill      XL: |  1  2 |
---------------+-------+-----
Spellcasting   | 3 |  3.7
Fighting       | |  0.8
Armour         | |  0.8
Dodging        | |  2.1
Stealth        | |  1.5

Action                   |  1- 3 |  4- 6 || total
-------------------------+-------+-------++-------
Melee: Unarmed           |     4 |       ||     4
       Short sword       |    41 |    41 ||    82
 Cast: Foxfire           |    63 |    13 ||    76
       Inner Flame       |       |     1 ||     1
  Use: Potion            |       |     1 ||     1
 Stab: Sleeping          |     2 |       ||     2
Armor: Robe              |    23 |       ||    23
       Ring mail         |     2 |    20 ||    22
Dodge: Dodged            |    65 |    34 ||    99

Table legend: (Time is in decaauts)
 A = Elapsed time spent in this place.
 B = Non-inter-level travel time spent in this place.
 C = Inter-level travel time spent in this place.
 D = Time resting spent in this place.
 E = Time spent auto-exploring this place.
 F = Levels seen in this place.
 G = Mean time per level.
                   A        B        C        D        E       F      G
               +--------+--------+--------+--------+--------+-----+--------+
         Total |   3292 |   3279 |     13 |    399 |   2477 |   2 | 1646.0 |
       Dungeon |   3292 |   3279 |     13 |    399 |   2477 |   2 | 1646.0 |
               +--------+--------+--------+--------+--------+-----+--------+

Top non-repeatable levels by time:
     D:1: 2074 daAuts
     D:2: 1217 daAuts
